 Seeded DCSS version 0.30-a0-465-g8901f6c8b5 (webtiles) character file.

Game seed: 15751405136164952927 (custom seed)

3460 purpskrrrp the Fighter (level 10, 0/113 HPs)
             Began as an Ogre Gladiator on Dec 19, 2022.
             Was a Priest of Nemelex Xobeh.
             Slain by a killer bee (1 damage)
             ... on level 7 of the Dungeon.
             The game lasted 00:16:19 (9341 turns).

purpskrrrp the Fighter (Ogre Gladiator)             Turns: 9341, Time: 00:16:20

Health: 0/113      AC: -5    Str: 24    XL:     10   Next: 6%
Magic:  14/14      EV: 10    Int:  9    God:    Nemelex Xobeh [***...]
Gold:   330        SH:  5    Dex: 10    Spells: 9/9 levels left

rFire   + + .      SeeInvis .    a - +1 war axe
rCold   + . .      Faith    .    (no shield)
rNeg    . . .      Spirit   .    b - +0 robe
rPois   +          Reflect  +    c - +0 hat
rElec   +          Harm     .    r - scarf {rC+ rF+}
rCorr   .          Rampage  .    (gloves unavailable)
Will    ++...                    (boots unavailable)
Stlth   +.........               i - amulet of Dylaf {Reflect *Corrode rElec rPois SH+5}
HPRegen 0.38/turn                k - ring of willpower
MPRegen 0.14/turn                v - ring of protection from fire

@: corroded
A: large, unfitting armour, tough skin 1
a: Renounce Religion, Draw Escape, Draw Destruction, Draw Summoning, Triple Draw


You were on level 7 of the Dungeon.
You worshipped Nemelex Xobeh.
Nemelex Xobeh was most pleased with you.
You visited 2 branches of the dungeon, and saw 9 of its levels.

You collected 330 gold pieces.

Inventory:

Hand Weapons
 a - a +1 war axe (weapon)
 o - a +0 giant club
Missiles
 d - 4 throwing nets
 e - a large rock
 x - 18 poisoned darts
 B - 4 curare-tipped darts
Armour
 b - a +0 robe (worn)
 c - a +0 hat (worn)
 r - a scarf of resistance (worn)
Jewellery
 i - the amulet of Dylaf (around neck) {Reflect *Corrode rElec rPois SH+5}
   (You found it on level 2 of the Dungeon)

   [amulet of reflection]

   It reflects blocked missile attacks.
   rElec:     It insulates you from electricity.
   rPois:     It protects you from poison.
   *Corrode:  It may corrode you when you take damage.
   SH:        It affects your SH (+5).
 k - a ring of willpower (left hand)
 v - a ring of protection from fire (right hand)
Wands
 t - a wand of polymorph (2)
 w - a wand of iceblast (5)
Scrolls
 f - a scroll of poison
 n - 6 scrolls of teleportation
 q - 3 scrolls of amnesia
 y - a scroll of immolation
 z - a scroll of brand weapon {unknown}
Potions
 g - 3 potions of might
 h - a potion of cancellation
 j - a potion of attraction
 l - 2 potions of flight
 m - a potion of resistance
 p - a potion of curing
 s - a potion of haste
 u - a potion of heal wounds {unknown}
 C - a potion of ambrosia {unknown}


   Skills:
 * Level 11.1 Fighting
 + Level 6.4 Axes
 * Level 8.4 Throwing
 - Level 2.6 Dodging
 + Level 5.7 Invocations


You had 9 spell levels left.
You didn't know any spells.
Your spell library contained the following spells:

 Spells                   Type           Power      Damage    Failure   Level
 Magic Dart               Conj           0%         1d3       38%         1
 Shock                    Conj/Air       0%         1d3       38%         1
 Searing Ray              Conj           0%         2d4       52%         2
 Hailstorm                Conj/Ice       0%         3d3       77%         3
 Ignite Poison            Fire/Tmut/Pois 0%         N/A       77%         3
 Swiftness                Air            0%         N/A       77%         3
 Airstrike                Air            0%         2d(0-16)  99%         4
 Fulminant Prism          Conj/Hex       0%         3d5       99%         4
 Ice Form                 Ice/Tmut       0%         N/A       99%         4
 Sticky Flame             Conj/Fire      0%         2d3       99%         4
 Simulacrum               Ice/Necr       0%         N/A       100%        6
 Ignition                 Fire           0%         3d3       100%        8


Dungeon Overview and Level Annotations

Branches:
Dungeon (8/15)             Temple (1/1) D:5
   Lair: D:8-11

Altars:
Ashenzari
Cheibriados
Elyvilon
Gozag
Hepliaklqana
Kikubaaqudgha
Makhleb
Nemelex Xobeh
Okawaru
Qazlal
Ru
Sif Muna
Uskayaw
Vehumet
Wu Jian
Xom
Yredelemnul
Zin
The Shining One

Annotations:
D:6 1 transporter, Mitcholas's ghost, novice HOFi


Innate Abilities, Weirdness & Mutations

You are too large for most types of armour.
You have tough skin. (AC +1)


Message History

You hit the killer bee.
The killer bee is moderately wounded.
You feel very sick. The killer bee stings you.
* * * LOW HITPOINT WARNING * * *
The killer bee completely misses you.
You draw a card...
You have drawn the Cloud.
Clouds appear around you!
You feel very sick. You block the killer bee's attack.
The killer bee stings you!
* * * LOW HITPOINT WARNING * * *
You are lethally poisoned!
The killer bee poisons you!
You feel better. You block the killer bee's attack. The killer bee stings you!
* * * LOW HITPOINT WARNING * * *
Okay, then.
You draw a card...
You have drawn the Orb.
Press: ? - help, Shift-Dir - straight line, f - killer bee
Aim: a killer bee (black smoke, moderately wounded)
Your orb of destruction hits a rock wall. x3
The killer bee stings you!
* * * LOW HITPOINT WARNING * * *
You are lethally poisoned!
The killer bee poisons you! The killer bee stings you.
* * * LOW HITPOINT WARNING * * *
You feel better. The killer bee barely misses you. The killer bee stings you!
* * * LOW HITPOINT WARNING * * *
You feel better. The killer bee stings you.
* * * LOW HITPOINT WARNING * * *
The killer bee stings you.
* * * LOW HITPOINT WARNING * * *
You draw a card...
You have drawn Velocity.
Nothing appears to happen.
The killer bee stings you.
* * * LOW HITPOINT WARNING * * *
The killer bee stings you.
* * * LOW HITPOINT WARNING * * *
You draw a card...
You have drawn the Tomb.
Walls emerge from the floor!
The killer bee barely misses you. The killer bee stings you.
You die...
Your body glows slightly and disappears.

##.## #...)# #...##.# .#..#
#....# #...##.###### .##.##
#.#### #...##......# ..#..###.#
#...##.#.##.# ..##.##..#
######.#..#.# ###.....##
##########...>#.# #...#####
#.............#.# ..###
#.###########.#.# ###
#.#@#......##.#.# ########
#.#y######.##.#.# #......#
#.#ยง######.##.#.# #......#
#.#......#.##.#.# #......#
#.######.#.##.#.#
#......#######...........#.#.#
'......'............#.####.#.#
#......#########....#.####.#.###
####..........<#.#..#..........#


You could see a killer bee.

Vanquished Creatures
  Eustachio (D:6)
  Menkaure (D:5)
  A steam dragon (D:8)
  2 water moccasins (D:6)
  A sky beast (D:7)
  2 ice beasts
  2 ogres (D:6)
  3 phantoms
  A kobold brigand (D:8)
  3 bullfrogs
  3 necrophages
  4 scorpions
  3 killer bees
  3 howler monkeys
  A hound (D:5)
  2 gnoll boudas
  2 jellies
  3 iguanas
  2 orc wizards
  8 gnolls
  5 adders
  A shadow imp (D:6)
  A white imp (D:7)
  An ufetubus (D:7)
  A worm (D:4)
  5 dart slugs
  18 orcs
  5 ball pythons
  9 endoplasms
  4 giant cockroaches
  7 goblins
  8 hobgoblins
  6 jackals
  5 kobolds
  A quokka (D:1)
  7 bats
  3 frilled lizards
  6 rats
141 creatures vanquished.

Vanquished Creatures (collateral kills)
  A two-headed ogre (D:8)
  A golden eye (D:7)
  A killer bee (D:8)
  A kobold (D:8)
4 creatures vanquished.

Grand Total: 145 creatures vanquished

Notes
Turn   | Place    | Note
-------+----------+-------------------------------------------
     0 | D:1      | purpskrrrp the Ogre Gladiator began the quest for the Orb.
     0 | D:1      | Reached XP level 1. HP: 22/22 MP: 1/1
    92 | D:1      | Reached skill level 3 in Fighting
   136 | D:1      | Reached XP level 2. HP: 28/31 MP: 2/2
   515 | D:1      | Reached XP level 3. HP: 37/37 MP: 3/3
  1384 | D:2      | Identified the amulet of Dylaf {Reflect *Corrode rElec
                  | rPois SH+5}
  1426 | D:2      | Reached skill level 4 in Fighting
  1715 | D:2      | Found a sparkling altar of Nemelex Xobeh.
  1876 | D:2      | Became a worshipper of Nemelex Xobeh the Trickster
  1994 | D:3      | Reached XP level 4. HP: 44/48 MP: 4/4
  2252 | D:3      | Noticed a phantom
  2276 | D:3      | Killed a phantom
  2277 | D:3      | Reached skill level 5 in Fighting
  2277 | D:3      | Reached skill level 1 in Invocations
  2277 | D:3      | Reached XP level 5. HP: 17/57 MP: 5/5
  2780 | D:4      | Reached XP level 6. HP: 48/66 MP: 5/7
  2991 | D:4      | Reached * piety under Nemelex Xobeh
  3187 | D:4      | Received a gift from Nemelex Xobeh
  4143 | D:5      | Entered Level 5 of the Dungeon
  4143 | D:5      | Found a staircase to the Ecumenical Temple.
  4156 | D:5      | Reached skill level 6 in Fighting
  4215 | D:5      | Reached XP level 7. HP: 58/75 MP: 8/8
  4216 | Temple   | Entered the Ecumenical Temple
  4654 | D:5      | Reached ** piety under Nemelex Xobeh
  4870 | D:5      | Reached skill level 5 in Throwing
  5062 | D:5      | Noticed Menkaure
  5072 | D:5      | Killed Menkaure
  5073 | D:5      | Reached skill level 7 in Fighting
  5332 | D:6      | Found a transporter.
  5333 | D:6      | Noticed Mitcholas's ghost (novice HOFi)
  5347 | D:6      | Found a sacrificial altar of Ru.
  5363 | D:6      | Reached XP level 8. HP: 47/87 MP: 10/10
  5369 | D:6      | Found a shimmering altar of Xom.
  5675 | D:6      | Reached skill level 8 in Fighting
  5689 | D:6      | Reached skill level 5 in Axes
  6195 | D:6      | Noticed Eustachio
  6208 | D:6      | Killed Eustachio
  6209 | D:6      | Reached skill level 9 in Fighting
  6209 | D:6      | Reached XP level 9. HP: 81/98 MP: 12/12
  6375 | D:6      | Identified the +2 ring mail "Qah Doamm" {rPois Str+4 SInv}
  7107 | D:7      | Received a gift from Nemelex Xobeh
  8076 | D:7      | Received a gift from Nemelex Xobeh
  8256 | D:7      | Reached *** piety under Nemelex Xobeh
  8581 | D:8      | Received a gift from Nemelex Xobeh
  8593 | D:8      | Reached skill level 10 in Fighting
  8610 | D:8      | Reached skill level 5 in Invocations
  8887 | D:8      | Noticed a two-headed ogre
  8890 | D:8      | Killed a two-headed ogre
  8972 | D:8      | Reached XP level 10. HP: 42/111 MP: 14/14
  9130 | D:8      | Reached skill level 11 in Fighting
  9338 | D:7      | HP: 2/113 [killer bee (10)]
  9341 | D:7      | Slain by a killer bee

Illustrated notes

Levels and vault maps discovered:
D:1:      sevenhm_arrival_forest_fort_small_5, layout_basic, minmay_tripent
D:2:      layout_loops_cross, basic_altar, eino_tiny_chamber, st_stairs_3
D:3:      layout_rooms
D:4:      layout_layer_cave, st_stairs_9, minmay_parallelograms
D:5:      layout_loops_ring, minmay_temple_entry_wispy, uniq_menkaure
D:6:      layout_loops_cross, mainiacjoe_overflow_catwalk_spiral,
          gammafunk_ghost_smash, uniq_eustachio
D:7:      minmay_skewed_foursquare, layout_basic, serial_bayou_crossing
D:8:      layout_cave_pools, minitemple, lair_entry_dummy
Temple:   nicolae_temple_bog_church

Skill      XL: |  1  2  3  4  5  6  7  8  9 10 |
---------------+-------------------------------+-----
Fighting       | 3 4 5 6 7 9 10 11 | 11.1
Throwing       | 3 4 5 6 8 |  8.4
Invocations    | 1 2 3 4 5 |  5.7
Axes           | 4 5 6 |  6.4
Dodging        | |  2.6

Action                   |  1- 3 |  4- 6 |  7- 9 | 10-12 || total
-------------------------+-------+-------+-------+-------++-------
Melee: War axe           |   126 |   114 |   298 |    22 ||   560
       Punch             |     1 |     2 |     2 |       ||     5
Throw: Throwing net      |       |     3 |     3 |       ||     6
       Large rock        |       |     1 |       |       ||     1
Invok: Draw Destruction  |       |       |     6 |     3 ||     9
       Draw Escape       |       |       |     2 |     3 ||     5
       Draw Summoning    |       |       |     3 |     1 ||     4
  Use: Scroll            |    10 |     2 |     5 |     1 ||    18
       Potion            |       |     2 |     1 |     4 ||     7
 Stab: Petrified         |       |       |     7 |       ||     7
Armor: Robe              |    48 |    20 |    48 |     5 ||   121
Dodge: Dodged            |    77 |    40 |   152 |    32 ||   301
Block: Other             |    15 |    17 |    74 |    16 ||   122

Table legend: (Time is in decaauts)
 A = Elapsed time spent in this place.
 B = Non-inter-level travel time spent in this place.
 C = Inter-level travel time spent in this place.
 D = Time resting spent in this place.
 E = Time spent auto-exploring this place.
 F = Levels seen in this place.
 G = Mean time per level.
                   A        B        C        D        E       F      G
               +--------+--------+--------+--------+--------+-----+--------+
         Total |   9501 |   9014 |    487 |   1899 |   5555 |   9 | 1055.7 |
       Dungeon |   9264 |   8785 |    479 |   1899 |   5339 |   8 | 1158.0 |
        Temple |    237 |    229 |      8 |      0 |    216 |   1 |  237.0 |
               +--------+--------+--------+--------+--------+-----+--------+

Top non-repeatable levels by time:
     D:7: 2101 daAuts
     D:6: 1544 daAuts
     D:4: 1435 daAuts
     D:1: 1211 daAuts
     D:5: 878 daAuts
     D:3: 803 daAuts
     D:2: 765 daAuts
     D:8: 521 daAuts
  Temple: 237 daAuts
